Map: Galactic Process LE

Players

ELGOLDEN

  • Race: Protoss Protoss
  • League: Diamond

Stephano - Winner!

  • Race: Zerg Zerg
  • League: Master

VOD

https://www.youtube.com/channel/UCcSgNfDNxvyisU-eCj9xyNg/playlists

Description

Time

  • Played on: Aug. 26, 2016, 8:48 a.m.
  • Length: 10:17
Show
View Real Time Build Order
Export as new Build Order

ELGOLDEN Protoss 

Build Orders: 1 Gate Expand, Phoenix Opening 

Get SALT Encoding   

  12  0:01  Probe (Chrono Boost)  
  13  0:11  Probe (Chrono Boost)  
  14  0:21  Pylon  
  14  0:22  Probe (Chrono Boost)  
  15  0:39  Probe (Chrono Boost)  
  15  0:42  Gateway  
  17  0:50  Probe (Chrono Boost)  
  17  1:00  Probe (Chrono Boost)  
  18  1:10  Assimilator  
  18  1:11  Probe (Chrono Boost)  
  19  1:31  Nexus  
  19  1:34  Probe (Chrono Boost)  
  19  1:37  Cybernetics Core  
  20  1:45  Probe (Chrono Boost)  
  21  1:47  Assimilator  
  21  1:52  Pylon  
  21  1:55  Probe (Chrono Boost)  
  22  2:11  Probe (Chrono Boost)  
  22  2:13  Adept  
  23  2:19  Warp Gate  
  25  2:23  Gateway  
  25  2:25  Probe (Chrono Boost)  
  26  2:34  Assimilator  
  27  2:37  Probe (Chrono Boost)  
  27  2:39  Adept  
  30  2:44  Probe (Chrono Boost)  
  30  2:49  Probe (Chrono Boost)  
  31  2:55  Probe (Chrono Boost)  
  31  2:58  Stargate  
  32  3:01  Probe (Chrono Boost)  
  32  3:05  Probe (Chrono Boost)  
  34  3:11  Probe (Chrono Boost)  
  35  3:16  Probe (Chrono Boost)  
  36  3:22  Probe (Chrono Boost)  
  36  3:26  Probe (Chrono Boost)  
  38  3:32  Probe (Chrono Boost)  
  39  3:37  Probe (Chrono Boost)  
  39  3:39  Phoenix  
  38  3:43  Mothership Core (Chrono Boost)  
  43  3:48  Assimilator  
  43  3:50  Probe (Chrono Boost), Sentry  
  43  3:54  Pylon  
  45  4:02  Probe (Chrono Boost)  
  46  4:08  Phoenix, Pylon  
  46  4:12  Probe (Chrono Boost)  
  49  4:19  Probe (Chrono Boost)  
  49  4:22  Nexus  
  49  4:23  Probe (Chrono Boost)  
  51  4:30  Robotics Facility, Phoenix  
  52  4:31  Probe (Chrono Boost)  
  54  4:40  Probe (Chrono Boost)  
  54  4:43  Probe (Chrono Boost)  
  54  4:44  Stalker  
  58  4:49  Pylon, Stalker  
  58  4:51  Probe (Chrono Boost), Pylon  
  61  4:56  Probe (Chrono Boost)  
  61  4:59  Forge  
  62  5:07  Probe (Chrono Boost)  
  62  5:08  Phoenix  
  62  5:09  Probe (Chrono Boost)  
  66  5:18  Robotics Bay, Probe (Chrono Boost)  
  66  5:21  Probe (Chrono Boost)  
  68  5:31  Probe (Chrono Boost)  
  68  5:32  Protoss Ground Weapons Level 1  
  68  5:33  Probe (Chrono Boost), Gateway  
  68  5:36  Observer  
  68  5:37  Probe (Chrono Boost)  
  71  5:43  Probe (Chrono Boost), Stalker x2  
  71  5:45  Probe (Chrono Boost)  
  71  5:47  Probe (Chrono Boost)  
  77  5:52  Phoenix  
  77  5:55  Probe (Chrono Boost)  
  81  5:57  Probe (Chrono Boost)  
  81  5:58  Probe (Chrono Boost)  
  81  6:02  Colossus  
  82  6:07  Probe (Chrono Boost)  
  82  6:09  Probe (Chrono Boost)  
  82  6:10  Probe (Chrono Boost), Assimilator  
  89  6:13  Assimilator  
  89  6:20  Pylon  
  89  6:21  Pylon  
  89  6:25  Stalker  
  91  6:26  Zealot  
  91  6:32  Pylon  
  93  6:33  Oracle  
  93  6:38  Probe (Chrono Boost), Pylon  
  99  6:40  Probe x2 (Chrono Boost), Pylon  
  99  6:50  Pylon, Stalker x3  
  99  6:52  Probe (Chrono Boost), Pylon  
  99  6:53  Probe (Chrono Boost), Colossus  
  107  6:54  Pylon  
  113  7:07  Robotics Facility  
  113  7:14  Twilight Council  
  113  7:16  Gateway  
  113  7:28  Gateway  
  113  7:32  Stalker x2  
  113  7:33  Stalker  
  119  7:42  Disruptor  
  122  7:53  Disruptor  
  122  7:57  Stalker x2  
  122  7:58  Stalker  
  131  8:01  Void Ray  
  135  8:12  Blink  
  135  8:13  Disruptor  
  138  8:21  Stalker x4  
  146  8:40  Nexus  
  143  8:42  Pylon  
  143  8:45  Pylon  
  143  8:46  Probe (Chrono Boost)  
  143  8:47  Zealot, Probe (Chrono Boost)  
  143  8:48  Zealot x4, Probe (Chrono Boost)  
  134  8:53  Colossus  
  122  8:58  Probe (Chrono Boost)  
  122  8:59  Probe (Chrono Boost)  
  122  9:00  Probe (Chrono Boost)  
  120  9:09  Zealot x4, Probe (Chrono Boost)  
  129  9:11  Probe (Chrono Boost), Adept  
  106  9:33  Zealot x3  
  112  9:49  Zealot x2  
  108  9:58  Zealot x3  
Show
View Real Time Build Order
Export as new Build Order

Stephano Zerg - Winner!

Build Orders: Hatch First 

Get SALT Encoding   

  12  0:00  Drone  
  13  0:13  Overlord  
  13  0:18  Drone  
  14  0:31  Drone x2  
  14  0:35  Drone  
  17  0:56  Hatchery  
  16  0:57  Drone  
  16  1:04  Drone  
  18  1:08  Drone  
  19  1:20  Drone  
  19  1:24  Spawning Pool  
  19  1:30  Drone  
  20  1:40  Drone  
  20  1:42  Extractor  
  20  1:52  Hatchery  
  19  1:54  Drone  
  20  2:02  Drone  
  21  2:12  Drone x2  
  23  2:19  Queen  
  23  2:22  Queen  
  27  2:28  Overlord  
  27  2:33  Drone  
  28  2:46  Metabolic Boost  
  28  2:47  Drone x4  
  28  2:51  Drone  
  33  2:55  Queen  
  35  3:03  Queen  
  37  3:08  Overlord  
  37  3:12  Queen  
  39  3:15  Drone  
  39  3:17  Drone  
  39  3:19  Drone  
  42  3:26  Overlord  
  42  3:33  Drone x3  
  45  3:39  Drone x3  
  47  3:42  Drone x2  
  47  3:43  Drone  
  47  3:45  Queen  
  52  3:49  Drone  
  52  3:50  Drone  
  52  3:53  Extractor  
  53  3:57  Evolution Chamber, Drone x2  
  53  3:58  Evolution Chamber  
  53  4:01  Drone x3  
  56  4:07  Drone x2  
  58  4:14  Overlord  
  58  4:28  Overlord x2, Zerg Melee Weapons Level 1  
  58  4:46  Queen x3  
  58  4:47  Drone  
  58  4:48  Drone x2  
  58  4:50  Drone x5  
  58  4:51  Overlord x2  
  72  4:54  Drone  
  72  4:55  Hatchery, Drone  
  72  4:56  Drone  
  74  5:06  Spore Crawler  
  73  5:09  Hatchery  
  72  5:14  Drone x3  
  72  5:16  Drone  
  72  5:17  Drone x2  
  72  5:19  Overlord  
  78  5:23  Zergling x8  
  78  5:31  Queen, Drone  
  78  5:32  Drone  
  78  5:33  Lair  
  78  5:35  Zerg Ground Armor Level 1  
  82  5:38  Zergling x6  
  85  5:44  Overlord  
  85  5:46  Spore Crawler  
  84  5:52  Zergling x10  
  84  5:54  Drone  
  84  5:56  Overlord x3  
  90  6:08  Drone  
  90  6:09  Drone  
  92  6:14  Overlord  
  92  6:19  Queen x3  
  92  6:20  Drone x3  
  92  6:21  Drone x6  
  107  6:29  Drone x2  
  109  6:35  Overlord  
  109  6:38  Infestation Pit  
  109  6:39  Drone x4  
  113  6:40  Drone  
  113  6:43  Zergling x8  
  113  6:44  Zergling x2  
  118  6:55  Queen  
  118  6:57  Hatchery  
  118  7:00  Zerg Melee Weapons Level 2  
  119  7:03  Zergling x24  
  131  7:12  Queen  
  133  7:16  Zergling x2  
  133  7:17  Zergling x26  
  133  7:18  Hive  
  133  7:19  Extractor  
  146  7:29  Hatchery  
  145  7:46  Zerg Ground Armor Level 2  
  145  7:55  Zergling x10  
  150  8:02  Overlord x2  
  150  8:03  Overlord x2  
  150  8:08  Queen x3  
  155  8:17  Overlord x3  
  155  8:18  Pneumatized Carapace  
  155  8:19  Zergling x2  
  156  8:20  Queen  
  154  8:36  Zergling x12  
  154  8:37  Zergling x56  
  154  8:38  Zergling x2  
  155  9:03  Zergling x42  
  163  9:10  Zergling x2  
  163  9:11  Zergling x16  
  163  9:15  Overlord  
  156  9:18  Queen  
  156  9:19  Queen x6  
  156  9:20  Zergling x2  
  156  9:21  Zergling x8  
  154  9:57  Zergling x30  
  154  9:58  Zergling x10  
Tags
 
Add a new tag
Caveats
  • Supply blocks, unpowered buildings, or Contaminate may cause inaccurate times.
  • Supply counts are checked every 10 seconds.